 Dungeon Crawl Stone Soup version 0.17.1-1-g73c8601 (webtiles) character file.

247 DeXoteric the Stinger (level 6, -2/32 HPs)
             Began as a Gargoyle Venom Mage on Dec 25, 2015.
             Slain by an orc warrior
             ... wielding a +0 battleaxe
              (23 damage)
             ... on level 4 of the Dungeon.
             The game lasted 00:09:00 (4188 turns).

DeXoteric the Stinger (Gargoyle Venom Mage)         Turns: 4188, Time: 00:09:00

Health: -2/32      AC: 11    Str: 13    XL:     6   Next: 11%
Magic:  1/9        EV: 12    Int: 16    God:
Gold:   148        SH:  0    Dex: 10    Spells: 2 memorised, 5 levels left

rFire  . . .     SeeInvis .     a - +2 flail (protect)
rCold  . . .     Clarity  .     z - +0 robe
rNeg   + . .     SustAt   .     (no shield)
rPois  ∞         Gourm    .     (no helmet)
rElec  +         Spirit   .     (no cloak)
rCorr  .         Warding  .     (no gloves)
rMut   .         Stasis   .     (no boots)
MR     .....                    (no amulet)
Stlth  ++........               (no ring)
                                (no ring)

@: very slightly contaminated, not resistant to hostile enchantments, unstealthy
A: negative energy resistance 1, electricity resistance, unbreathing,
petrification resistance, rot immunity, AC +4
a: no special abilities


You were on level 4 of the Dungeon.
You were very hungry.

You visited 1 branch of the dungeon, and saw 4 of its levels.

You collected 148 gold pieces.

Inventory:

Hand Weapons
 a - a +2 flail of protection (weapon)
 q - a +1 short sword of draining
Armour
 z - a +0 robe (worn)
Scrolls
 e - a scroll of identify {unknown}
 h - a scroll of recharging {unknown}
 j - 3 scrolls of immolation {unknown}
 k - 2 scrolls of random uselessness {unknown}
 l - a scroll of fear {unknown}
 r - a scroll of enchant armour {unknown}
 s - a scroll of blinking {unknown}
 u - a scroll of noise {unknown}
 x - a scroll of amnesia {unknown}
 y - a scroll of remove curse {unknown}
Potions
 d - 3 potions of heal wounds {unknown}
 f - a potion of might {unknown}
 g - a potion of agility {unknown}
 m - a potion of invisibility {unknown}
 n - a potion of poison {unknown}
 o - a potion of curing
 t - a potion of berserk rage {unknown}
 v - a potion of brilliance {unknown}
Books
 b - a Young Poisoner's Handbook

   Spells                             Type                      Level
   a - Sting                          Conjuration/Poison           1
   b - Cure Poison                    Poison                       2
   c - Mephitic Cloud                 Conjuration/Poison/Air       3
   d - Olgreb's Toxic Radiance        Poison                       4
   e - Venom Bolt                     Conjuration/Poison           5
Comestibles
 c - 3 bread rations
 i - 2 meat rations
 p - 4 chunks of flesh


   Skills:
 + Level 3.0 Maces & Flails
 - Level 1.5 Dodging
 - Level 2.1 Stealth
 - Level 2.0 Spellcasting
 + Level 2.4 Conjurations
 + Level 1.4 Air Magic
 + Level 5.4 Poison Magic


You had 5 spell levels left.
You knew the following spells:

 Your Spells              Type           Power        Failure   Level  Hunger
a - Sting                 Conj/Pois      ##..         6%          1    #......
b - Mephitic Cloud        Conj/Pois/Air  ##......     17%         3    ###....


Dungeon Overview and Level Annotations

Branches:
Dungeon (4/15)
 Temple: D:4-7

Altars:
Dithmenos
Elyvilon
Nemelex Xobeh
Sif Muna
Xom

Shops:
D:4 (

Annotations:
D:4 Menkaure


Innate Abilities, Weirdness & Mutations

You are resistant to torment.
Your stone body is resilient (AC +4).
You are immune to poison.
You resist negative energy.
You are resistant to electric shocks.
You can survive without breathing.
You are immune to petrification.
You are immune to rotting.


Message History

You kill the adder!
Aim: an orc warrior, wielding a battleaxe and wearing a chain mail (moderately wounded)
The ball explodes into a vile cloud!
The stinking cloud engulfs the orc warrior.
The stinking cloud engulfs you!
You are feeling very hungry.
The orc warrior is engulfed in noxious fumes.
The orc warrior appears confused.
You now have 1/9 mp.
You hit the orc warrior.
The orc warrior is engulfed in noxious fumes.
The orc warrior appears confused.
The orc warrior completely misses you.
You thump the orc warrior!
The orc warrior is engulfed in noxious fumes.
The orc warrior appears confused.
The orc warrior is engulfed in noxious fumes.
The orc warrior appears confused.
The orc warrior hits you with a battleaxe!!
Ouch! That really hurt!
You die...

#..)..# #.....#
#########.....#
##........)....#
##.............#
...............#
##..........[..#
#..........#########
#.........).)(o9§..###
#..........#######)..####
#........#..## #.......#
######.#.#...#####......#
#.#.#.....#........#
.##.#.#.#...#...#..<.#
....)...#.._#_..#..#######
.##.#...#########..#.....##
#.....#.._#_..#.........##


You could see an orc warrior (confused).

Vanquished Creatures
  An ogre (D:4)
  Natasha (thrice) (D:3)
  An orc wizard (D:4)
  4 adders
  An ooze (D:1)
  2 giant geckos
  6 orcs
  2 ball pythons
  11 bats
  5 giant cockroaches
  6 hobgoblins
  A quokka (D:4)
  4 giant newts
  6 goblins
  10 jackals
  6 rats
69 creatures vanquished.

Notes
Turn   | Place    | Note
--------------------------------------------------------------
     0 | D:1      | DeXoteric the Gargoyle Venom Mage began the quest for the Orb.
     0 | D:1      | Reached XP level 1. HP: 10/10 MP: 3/3
   368 | D:1      | Reached XP level 2. HP: 15/15 MP: 1/5
   482 | D:1      | Reached skill level 1 in Conjurations
  1378 | D:2      | Reached XP level 3. HP: 19/19 MP: 6/6
  1415 | D:2      | Learned a level 3 spell: Mephitic Cloud
  1821 | D:2      | Found a sparkling altar of Nemelex Xobeh.
  1926 | D:2      | Found a faded altar to an unknown god.
  2050 | D:2      | Reached skill level 1 in Maces & Flails
  2172 | D:2      | Reached XP level 4. HP: 24/24 MP: 7/7
  2863 | D:3      | Noticed Natasha
  2881 | D:3      | Killed Natasha
  2881 | D:3      | Reached skill level 5 in Poison Magic
  2882 | D:3      | Reached skill level 1 in Air Magic
  2942 | D:3      | Noticed Natasha
  2959 | D:3      | Killed Natasha
  3185 | D:3      | Noticed Natasha
  3191 | D:3      | Killed Natasha
  3446 | D:3      | Reached XP level 5. HP: 28/28 MP: 8/8
  3559 | D:4      | Noticed an ogre
  3570 | D:4      | Noticed Menkaure
  3725 | D:4      | Found a deep blue altar of Sif Muna.
  3725 | D:4      | Found a shadowy altar of Dithmenos.
  3726 | D:4      | Found a white marble altar of Elyvilon.
  3736 | D:4      | Found a shimmering altar of Xom.
  3768 | D:4      | Found Bem Diuq's Antique Weapon Boutique.
  3861 | D:4      | Killed an ogre
  3922 | D:4      | Noticed an orc warrior
  4071 | D:4      | Reached XP level 6. HP: 25/32 MP: 5/9
  4188 | D:4      | Slain by an orc warrior

Action                   |  1- 3 |  4- 6 || total
-------------------------+-------+-------++-------
Melee: Unarmed           |    23 |       ||    23
       Dagger            |    31 |       ||    31
       Short sword       |    37 |    90 ||   127
       Flail             |       |    26 ||    26
 Cast: Sting             |    36 |       ||    36
       Mephitic Cloud    |       |     9 ||     9
 Stab: Sleeping          |     3 |     5 ||     8
       Confused          |       |     2 ||     2
  Eat: Chunk             |     5 |     7 ||    12
